 Dungeon Crawl Stone Soup version 0.29.0-5-ge4962eb29e (webtiles) character file.

Game seed: 6361122650469685799

583659 SnakkuSnakku7 the Phalangite (level 26, 0/218 HPs)
             Began as a Merfolk Air Elementalist on Aug 30, 2022.
             Was the Champion of the Shining One.
             Killed from afar by a twister (7 damage)
             ... with a vortex
             ... summoned by a Zot trap
             ... on level 3 of the Tomb of the Ancients.
             The game lasted 01:55:27 (53553 turns).

SnakkuSnakku7 the Phalangite (MfAE)                Turns: 53553, Time: 01:55:27

Health: 0/218      AC: 42    Str: 18      XL:     26   Next: 76%
Magic:  19/34      EV: 23    Int: 19      God:    the Shining One [******]
Gold:   3789       SH: 13    Dex: 14 (15) Spells: 20/29 levels left

rFire   + + .      SeeInvis .   b - +9 trishula (holy)
rCold   + . .      Faith    .   Y - +0 kite shield of the Ditch-Digger {rF+ rC+}
rNeg    + + +      Spirit   .   V - +7 storm dragon scales {Bai Suzhen}
rPois   .          Reflect  .   M - +2 helmet
rElec   +          Harm     .   i - +2 cloak {rCorr}
rCorr   +          Rampage  .   S - +2 pair of gloves {Stlth+}
Will    ++...                   N - +1 pair of boots of Follow the Leader {rF+ rN+ Will+}
Stlth   ..........              K - amulet "Jiasis" {Regen+ Int+3}
HPRegen 1.26/turn               m - +4 ring of slaying
MPRegen 0.24/turn               s - ring of the Hare {EV+8}

@: flayed, flying (expiring), slowed, glowing, studying 2 skills, very slow
A: (nimble swimmer 2), mertail, MP-powered wands
}: 4/15 runes: decaying, serpentine, silver, abyssal
a: Renounce Religion, Divine Shield, Cleansing Flame, Summon Divine Warrior


You were on level 3 of the Tomb of the Ancients.
You worshipped the Shining One.
The Shining One was exalted by your worship.
You visited 9 branches of the dungeon, and saw 44 of its levels.
You visited the Abyss 1 time.
You also visited: Bailey, Gauntlet and Ice Cave.

You collected 7539 gold pieces.
You spent 3750 gold pieces at shops.

Inventory:

Hand Weapons
 a - a +9 bardiche of flaming
 b - a +9 trishula of holy wrath (weapon)
Missiles
 r - 3 throwing nets
 J - 10 curare-tipped darts (quivered)
Armour
 i - a +2 cloak of preservation (worn)
 t - a +10 plate armour of cold resistance
 M - a +2 helmet (worn)
 N - the +1 pair of boots of Follow the Leader (worn) {rF+ rN+ Will+}
   (You found it on level 1 of the Swamp)

   rF:        It protects you from fire.
   rN:        It protects you from negative energy.
   Will:      It increases your willpower.
 S - a +2 pair of gloves of stealth (worn)
 V - +7 storm dragon scales (worn) {Bai Suzhen}
 Y - the +0 kite shield of the Ditch-Digger (worn) {rF+ rC+}
   (You found it on level 5 of the Vaults)

   rF:        It protects you from fire.
   rC:        It protects you from cold.
Jewellery
 c - the dreamshard necklace {*Dream Drain}
   (You found it on level 11 of the Dungeon)

   [amulet of nothing]

   It shatters if its wearer takes lethal or near-lethal damage, preventing the
   blow and releasing protective dreams that heal and fight for the wearer.
   Drain:     It drains your maximum health when unequipped.
 d - the ring "Vaawool" {*Corrode Fly rElec rC+ MP+9}
   (You took it off a spriggan berserker on level 1 of the Swamp)

   [ring of magical power]

   rC:        It protects you from cold.
   rElec:     It insulates you from electricity.
   MP:        It affects your magic capacity (+9).
   Fly:       It grants you flight.
   *Corrode:  It may corrode you when you take damage.
 m - a +4 ring of slaying (left hand)
 q - the ring of Alafut {rC+ rCorr SInv}
   (You took it off a reaper in an ice cave)

   [ring of protection from cold]

   rC:        It protects you from cold.
   SInv:      It lets you see invisible.
   rCorr:     It protects you from acid and corrosion.
 s - the ring of the Hare (right hand) {EV+8}
   (You took it off a deep elf zephyrmancer on level 3 of the Elven Halls)

   [ring of evasion]

   EV:        It affects your evasion (+8).
 x - a +4 ring of protection
 K - the amulet "Jiasis" (around neck) {Regen+ Int+3}
   (You found it on level 1 of the Swamp)

   [amulet of regeneration]

   Int:       It affects your intelligence (+3).
   Regen:     It increases your rate of health regeneration.
 L - the ring of Megalomania {rElec rPois rCorr Int-2 SInv}
   (You found it on level 1 of the Swamp)

   [ring of poison resistance]

   Int:       It affects your intelligence (-2).
   rElec:     It insulates you from electricity.
   rPois:     It protects you from poison.
   SInv:      It lets you see invisible.
   rCorr:     It protects you from acid and corrosion.
 W - a ring of protection from fire
Wands
 n - a wand of mindburst (40)
 G - a wand of roots (33)
 I - a wand of charming (50)
 O - a wand of digging (8)
 P - a wand of flame (42)
 Q - a wand of quicksilver (6)
 R - a wand of polymorph (16)
Scrolls
 e - 14 scrolls of teleportation
 f - 6 scrolls of magic mapping
 k - 13 scrolls of poison
 v - 3 scrolls of fog
 B - 7 scrolls of summoning
 U - 4 scrolls of fear
Potions
 h - 8 potions of brilliance
 l - 3 potions of berserk rage
 o - 5 potions of might
 p - 5 potions of mutation
 w - 17 potions of curing
 y - 8 potions of magic
 z - 3 potions of haste
 A - 11 potions of cancellation
 D - 6 potions of flight
 E - 5 potions of resistance
 F - 8 potions of attraction
 H - 2 potions of ambrosia
Miscellaneous
 g - a figurine of a ziggurat
 C - a phantom mirror
 T - a tin of tremorstones (2/2)
 X - a phial of floods


   Skills:
 - Level 20.0 Fighting
 - Level 24.0 Polearms
 - Level 3.3 Throwing
 - Level 22.0 Armour
 - Level 20.0 Dodging
 - Level 2.1 Stealth
 - Level 15.1 Shields
 - Level 2.0 Spellcasting
 - Level 0.7 Conjurations
 + Level 10.2 Translocations
 - Level 2.4 Air Magic
 - Level 15.0 Invocations
 - Level 12.0 Evocations


You had 20 spell levels left.
You knew the following spells:

 Your Spells              Type           Power      Damage    Failure   Level
a - Swiftness             Air            11%        N/A       80%         3
b - Blink                 Tloc           80%        N/A       2%          2
c - Passage of Golubria   Tloc           40%        N/A       19%         4

Your spell library contained the following spells:

 Spells                   Type           Power      Damage    Failure   Level
 Gell's Gravitas          Tloc           40%        N/A       5%          3
 Lesser Beckoning         Tloc           40%        N/A       5%          3
 Teleport Other           Tloc           40%        N/A       5%          3
 Portal Projectile        Hex/Tloc       42%        N/A       41%         3
 Manifold Assault         Tloc           40%        N/A       45%         5
 Shock                    Conj/Air       28%        1d4       54%         1
 Static Discharge         Conj/Air       7%         3-4/arc   69%         2
 Poisonous Vapours        Pois/Air       12%        N/A       75%         2
 Beastly Appendage        Tmut           2%         N/A       77%         1
 Freeze                   Ice            4%         1d3       77%         1
 Sandblast                Erth           2%         2d4       77%         1
 Slow                     Hex            4%         N/A       77%         1
 Summon Small Mammal      Summ           4%         N/A       77%         1
 Iskenderun's Mystic Bla  Conj/Tloc      22%        2d6       78%         4
 Ensorcelled Hibernation  Hex/Ice        2%         N/A       88%         2
 Passwall                 Tmut/Erth      0%         N/A       88%         2
 Sublimation of Blood     Necr           1%         N/A       88%         2
 Wereblood                Tmut           1%         N/A       88%         2
 Mephitic Cloud           Conj/Pois/Air  5%         N/A       94%         3
 Dispersal                Tloc           20%        N/A       96%         6
 Conjure Flame            Conj/Fire      3%         6-21      97%         3
 Dazzling Flash           Conj/Hex       6%         N/A       97%         3
 Stone Arrow              Conj/Erth      6%         3d7       97%         3
 Call Canine Familiar     Summ           1%         N/A       98%         3
 Confusing Touch          Hex            1%         N/A       98%         3
 Frozen Ramparts          Ice            2%         1d1       98%         3
 Ignite Poison            Fire/Tmut/Pois 1%         N/A       98%         3
 Inner Flame              Hex/Fire       1%         N/A       98%         3
 Summon Guardian Golem    Hex/Summ       1%         N/A       98%         3
 Tukima's Dance           Hex            1%         N/A       98%         3
 Vampiric Draining        Necr           1%         2d6       98%         3
 Airstrike                Air            5%         2d(1-17)  99%         4
 Anguish                  Hex/Necr       0%         N/A       100%        4
 Cause Fear               Hex            0%         N/A       100%        4
 Dispel Undead            Necr           1%         3d6       100%        4
 Flame Wave               Conj/Fire      3%         2d5       100%        4
 Fulminant Prism          Conj/Hex       1%         3d6       100%        4
 Hailstorm                Conj/Ice       3%         3d3       100%        4
 Ice Form                 Ice/Tmut       1%         N/A       100%        4
 Leda's Liquefaction      Hex/Erth       0%         N/A       100%        4
 Olgreb's Toxic Radiance  Pois           1%         N/A       100%        4
 Petrify                  Tmut/Erth      1%         N/A       100%        4
 Sticky Flame             Conj/Fire      3%         2d3       100%        4
 Summon Ice Beast         Ice/Summ       1%         N/A       100%        4
 Summon Lightning Spire   Summ/Air       6%         N/A       100%        4
 Blade Hands              Tmut           0%         N/A       100%        5
 Fireball                 Conj/Fire      1%         3d3       100%        5
 Freezing Cloud           Conj/Ice/Air   2%         6-21      100%        5
 Irradiate                Conj/Tmut      1%         3d12      100%        5
 Iskenderun's Battlesphe  Conj           4%         2d6       100%        5
 Lee's Rapid Deconstruct  Erth           0%         3d5*      100%        5
 Lightning Bolt           Conj/Air       3%         1d15      100%        5
 Metabolic Englaciation   Hex/Ice        0%         N/A       100%        5
 Summon Mana Viper        Hex/Summ       1%         N/A       100%        5
 Yara's Violent Unravell  Hex/Tmut       0%         3d3       100%        5
 Conjure Ball Lightning   Conj/Air       3%         3x3d6     100%        6
 Death Channel            Necr           0%         N/A       100%        6
 Iron Shot                Conj/Erth      1%         9d1       100%        6
 Simulacrum               Ice/Necr       0%         N/A       100%        6
 Starburst                Conj/Fire      1%         6d3       100%        6
 Statue Form              Tmut/Erth      0%         N/A       100%        6
 Dragon Form              Tmut           0%         N/A       100%        7
 Enfeeble                 Hex            0%         N/A       100%        7
 Orb of Destruction       Conj           2%         9d5       100%        7
 Ozocubu's Refrigeration  Ice            0%         4d7       100%        7
 Spellforged Servitor     Conj/Summ      1%         N/A       100%        7
 Storm Form               Tmut/Air       3%         N/A       100%        7
 Summon Hydra             Summ           0%         N/A       100%        7
 Discord                  Hex            0%         N/A       100%        8
 Disjunction              Tloc           20%        N/A       100%        8
 Ignition                 Fire           0%         3d3       100%        8
 Maxwell's Capacitive Co  Air            5%         ∞         100%        8
 Necromutation            Tmut/Necr      0%         N/A       100%        8
 Chain Lightning          Conj/Air       3%         3d4       100%        9
 Fire Storm               Conj/Fire      1%         8d1       100%        9
 Shatter                  Erth           0%         3d5*      100%        9


Dungeon Overview and Level Annotations

Branches:
Dungeon (15/15)            Temple (0/1) D:5            Lair (5/5) D:10
  Swamp (4/4) Lair:2        Snake (4/4) Lair:3        Slime (0/5) Lair:5
    Orc (2/2) D:12            Elf (3/3) Orc:2        Vaults (5/5) D:13
  Crypt (3/3) Vaults:3       Tomb (3/3) Crypt:3      Depths (0/4) D:15
 Bailey (visited)           IceCv (visited)         Gauntlet (visited)

Altars:
Cheibriados
Fedhas
Hepliaklqana
Nemelex Xobeh
Sif Muna
Trog
Xom
Yredelemnul
Zin
The Shining One
Jiyva

Shops:
D:9 =   Orc:1 *!   Orc:2 :[:(*   Snake:2 :=[?:(   Snake:3 :=[(   Vaults:1 [
Vaults:2 *(*

Portals:
Abyss: D:3

Annotations:
D:3 2 transporters, Strat's ghost, amateur MeHW
D:6 1 runed translucent door, Buttons840's ghost, novice HOMo
Elf:2 3 runed translucent doors
Elf:3 2 exclusions


Innate Abilities, Weirdness & Mutations

((You are very nimble when in or above water. (Stealth+, EV+, Speed+++)))
Your lower body shifts to a powerful aquatic tail in water.
You expend magic power (3 MP) to strengthen your wands.


Message History

You destroy the flying skull!
The Shining One accepts your kill.
You feel better.
You feel your power returning.
The golden flame engulfs the guardian mummy.
The guardian mummy writhes in agony!
The guardian mummy is moderately damaged.
The golden flame engulfs the flying skull!
The flying skull writhes in agony!
The flying skull is almost destroyed.
The golden flame engulfs the death scarab!!!
The death scarab writhes in agony!
You destroy the death scarab!
The death scarab's corpse disappears in a puff of smoke!
Your surroundings suddenly seem different.
You enter the Zot trap.
The power of Zot is invoked against you!
The freezing vortex lifts you up.
You fly up into the air.
A huge vortex of air appears!
A mummy priest comes into view. It is wielding a +0 battleaxe.
You have identified the last amulet.
Found five items.
Unknown command.
Unknown command.
You feel better.
You are engulfed in whirling frost.
* * * LOW HITPOINT WARNING * * *
x2 The mummy priest utters an invocation to its god.
You feel better.
You are engulfed in whirling frost.
* * * LOW HITPOINT WARNING * * *
You feel better.
You are engulfed in whirling frost.
* * * LOW HITPOINT WARNING * * *
x2
Found 81 gold pieces and a staff of conjuration.
You feel better.
You are engulfed in whirling frost.
The sixfirhy dies!
The sixfirhy disappears in a puff of smoke!
* * * LOW HITPOINT WARNING * * *
Found three items.
You feel better.
You are engulfed in whirling frost.
* * * LOW HITPOINT WARNING * * *
The mummy priest is destroyed!
The sun demon disappears in a puff of smoke!
You die...

.## ##.....$$ ..## ........
##........} ..<##...^.....
##<........$
....##........##..........|
.....##......##§§§§§§§§.$[$
.....##......##§§§§§§§§:$$$
......#...^..#§§§§§§§§§$!$$
......#......#§§§§§§§§§$$$|
......'......§§§@§§§§§§$$$$
......#..!...#§§§§§§§§§$}$#
......#.^...)#§§§v§§§§§$$##
(....##....))##§§§§§§§§$##
^....##....)?##§§§§§§§§##
....###.^^.))###§§§§§§##
...## #...?..# ##§§§§##
#### ######## ######


You could see a twister (summoned, vortex).

Vanquished Creatures
  Khufu (Crypt:1)
  4 ancient liches
  A dread lich (Vaults:5)
  Mennas (Crypt:1)
  Mara (Swamp:4)
  Sojobo (Vaults:5)
  Vv (Crypt:3)
  34 royal mummies
  Bai Suzhen (Swamp:3)
  Boris (Vaults:5)
  Vashnia (Snake:4)
  Xtahua (Vaults:3)
  Saint Roka (Snake:3)
  Jory (Crypt:1)
  Nikola (Snake:1)
  A bone dragon (Crypt:3)
  A hellephant (Abyss:3)
  Rupert (D:13)
  Mlioglotl (Snake:3)
  5 liches
  A tentacled monstrosity (Vaults:5)
  4 titans (Vaults:5)
  Asterion (Vaults:1)
  2 deep elf master archers (Elf:3)
  2 deep elf blademasters (Elf:3)
  6 ancient champions
  2 quicksilver dragons (Vaults:5)
  The ghost of freelancePsychic the Fighter, an adept TrCA of Okawaru (Elf:1)
  4 thorn hunters
  4 tengu reavers (Vaults:5)
  8 sphinxes
  2 storm dragons
  4 shadow dragons (Vaults:5)
  Donald (Vaults:3)
  4 revenants
  Roxanne (Snake:4)
  5 nagarajas
  2 azure jellies (Elf:2)
  2 hydra zombies (Swamp:4)
  An iron dragon (Elf:1)
  2 fire giants
  6 deep elf sorcerers
  Aizul (Vaults:1)
  5 frost giants
  3 orc warlords
  15 vault wardens
  2 draconian shifters (Abyss:3)
  A juggernaut zombie (Tomb:1)
  Louise (Swamp:3)
  2 deep elf elementalists (Elf:3)
  20 ghouls
  22 ironbound preservers
  3 curse skulls
  5 ironbound thunderhulks
  2 war gargoyles
  5 stone giants
  8 very ugly things
  A reaper (IceCv)
  12 bennus
  10 deep elf demonologists
  2 vampire knights (Swamp:4)
  10 deep elf annihilators
  Azrael (D:13)
  2 spark wasps (Swamp:3)
  2 eleionomae (Swamp:3)
  An entropy weaver (Vaults:3)
  7 bunyips
  21 dire elephants
  A minotaur (Gauntlet)
  8 deep elf death magi
  4 eidola
  3 crystal guardians (Vaults:3)
  2 ettins (Vaults:5)
  6 deep elf high priests
  5 shambling mangroves
  A blizzard demon (Abyss:3)
  11 jiangshi
  2 fire dragons (Elf:1)
  22 yaktaur captains
  21 mummy priests
  8 great orbs of eyes
  Josephine (D:14)
  31 vault guards
  4 salamander tyrants
  A spriggan air mage (Swamp:1)
  Erolcha (Orc:1)
  3 ghost crabs
  6 boulder beetles
  4 peacekeepers
  A catoblepas (Lair:5)
  21 hydras
  3 death knights
  15 anacondas
  7 ironbound frosthearts
  2 ogre magi (Vaults:5)
  Erica (Lair:2)
  7 two-headed ogres
  13 centaur warriors
  8 alligators
  16 naga warriors
  2 deep troll shamans
  13 dancing weapons
  30 death scarabs
  3 alligator snapping turtles (Snake:3)
  An azure jelly zombie (Crypt:1)
  6 death yaks (Lair:5)
  2 orc high priests
  10 shock serpents
  A quicksilver ooze zombie (Crypt:3)
  2 deep troll earth magi (Vaults:5)
  5 vampire magi
  4 tengu warriors
  Urug (D:13)
  3 spriggan berserkers (Swamp:1)
  15 naga sharpshooters
  10 deep elf knights
  Nergalle (Orc:1)
  10 goliath frogs
  An iron troll (Vaults:5)
  5 salamander mystics
  3 shadow wraiths
  9 spriggan druids
  29 skeletal warriors
  A spatial maelstrom (Abyss:3)
  A glowing orange brain (Vaults:4)
  12 swamp dragons
  54 deep trolls
  10 naga ritualists
  A death drake (Swamp:1)
  A sea snake (shapeshifter) (Vaults:5)
  11 phantasmal warriors
  2 spectral hydras (Swamp:4)
  19 deep elf archers
  A lindwurm (shapeshifter) (Gauntlet)
  5 wizards
  4 sea snakes
  An orange crystal statue (Swamp:1)
  2 flayed ghosts
  An obsidian statue (Tomb:1)
  Pikel (D:6)
  8 bog bodies
  8 lindwurms
  32 deep elf pyromancers
  15 ironbound convokers
  25 deep elf zephyrmancers
  15 mana vipers
  A jorogumo zombie (Crypt:3)
  A shadow dragon skeleton (Crypt:3)
  9 orc knights
  A wolf spider (shapeshifter) (Vaults:5)
  23 ugly things
  8 cyclopes
  2 manticores
  6 will-o-the-wisps
  20 elephants
  3 oklob plants (Swamp:4)
  7 orc sorcerers
  23 salamanders
  19 vault sentinels
  7 guardian serpents
  8 naga magi
  Maurice (D:13)
  37 black mambas
  2 dire elephant zombies
  2 eyes of devastation (Elf:2)
  2 ice statues (IceCv)
  A smoke demon (Gauntlet)
  2 torpor snails
  2 shock serpent skeletons
  8 cane toads
  11 komodo dragons
  2 rime drakes
  3 gargoyles
  A dire elephant skeleton (Tomb:1)
  A swamp worm zombie (Crypt:2)
  An efreet (D:14)
  2 unseen horrors
  43 yaktaurs
  A sea snake zombie (Crypt:1)
  4 kobold demonologists
  2 tengu conjurers (Gauntlet)
  A catoblepas skeleton (Crypt:1)
  48 guardian mummies
  8 ice devils (IceCv)
  3 death drake zombies (Swamp:4)
  6 freezing wraiths
  9 tyrant leeches
  5 polar bears
  A merfolk (shapeshifter) (Gauntlet)
  10 trolls
  A burning bush (Lair:1)
  20 blink frogs
  A tarantella (shapeshifter) (Vaults:5)
  27 hornets
  A hydra skeleton (Swamp:4)
  18 dream sheep
  A tarantella (Vaults:3)
  31 slime creatures
  An ettin zombie (Tomb:1)
  A centaur simulacrum (D:15)
  3 snapping turtles (Snake:3)
  2 jumping spiders (shapeshifter)
  Sigmund (D:3)
  3 air elementals (Elf:1)
  A culicivora (shapeshifter) (Elf:1)
  20 spriggans
  45 flying skulls
  An ettin skeleton (Tomb:1)
  A dire elephant simulacrum (IceCv)
  5 ushabtiu
  8 wraiths
  3 water elementals
  3 wyverns
  8 fire elementals
  A hog (shapeshifter) (Vaults:5)
  2 steam dragons (D:9)
  2 ynoxinuls (Abyss:3)
  3 basilisks
  75 yaks
  A human (shapeshifter) (D:13)
  2 death yak simulacra
  14 vampire mosquitoes
  2 redbacks (Vaults:3)
  4 spatial vortices (Abyss:3)
  A harpy simulacrum (IceCv)
  2 wargs
  32 nagas
  4 acid dragons
  11 swamp worms
  An acid dragon (shapeshifter) (Elf:2)
  4 hell hounds (D:13)
  15 water moccasins
  A floating eye (Elf:2)
  A demonspawn skeleton (Crypt:1)
  5 hydra simulacra
  A floating eye (shapeshifter) (Vaults:5)
  40 orc warriors
  3 ice beasts
  7 swamp drakes
  A lindwurm zombie (Crypt:3)
  4 black bears
  11 ogres
  A hog zombie (Crypt:1)
  27 wolves
  4 swamp dragon zombies (Swamp:4)
  17 centaurs
  A lemure (D:6)
  A blink frog skeleton (Crypt:2)
  A swamp dragon skeleton (Crypt:2)
  A phantom (D:6)
  3 kobold brigands
  Blork the orc (D:5)
  12 bullfrogs
  A rime drake skeleton (Crypt:1)
  5 earth elementals
  4 necrophages
  3 scorpions
  A gnoll sergeant (D:7)
  A yaktaur skeleton (Crypt:2)
  2 cane toad simulacra (IceCv)
  3 two-headed ogre simulacra (IceCv)
  A wyvern zombie (D:5)
  12 wights
  A queen bee zombie (Crypt:3)
  10 killer bees
  2 spriggan skeletons
  2 elephant simulacra (IceCv)
  8 electric eels
  3 howler monkeys
  3 crimson imps (Gauntlet)
  A bullfrog zombie (D:5)
  20 orc priests
  A hound (D:7)
  2 centaur skeletons
  3 jellies
  4 gnoll boudas
  Jessica (D:2)
  2 iguanas
  Ijyb (D:4)
  20 orc wizards
  A spriggan simulacrum (IceCv)
  3 troll simulacra (IceCv)
  33 mummies
  A howler monkey skeleton (D:5)
  2 naga simulacra (IceCv)
  4 adders
  21 gnolls
  5 white imps
  An ufetubus (D:3)
  A lava snake zombie (Crypt:2)
  A worm (shapeshifter) (Gauntlet)
  A worm (D:2)
  The ghost of Arex the Sneak, a weakling DrDe (D:5)
  2 dart slugs
  86 orcs
  11 ball pythons
  10 endoplasms
  5 giant cockroaches
  14 goblins
  8 hobgoblins
  6 jackals
  16 kobolds
  5 quokkas
  3 bats
  An endoplasm zombie (Crypt:1)
  5 frilled lizards
  A kobold skeleton (Crypt:1)
  A quokka zombie (Crypt:3)
  9 rats
2181 creatures vanquished.

Vanquished Creatures (others)
  A dread lich (Vaults:5)
  A mummy priest (Tomb:3)
  A death drake (Swamp:3)
  A deep elf archer (Elf:2)
  2 deep elf zephyrmancers
  A swamp drake (Swamp:4)
  An orc priest (Elf:1)
  7 orcs
  6 briar patches (Swamp:4)
  16 foxfires
  66 fungi
  A lurking horror (Abyss:3)
  83 plants
  2 withered plants (D:6)
189 creatures vanquished.

Grand Total: 2370 creatures vanquished

Notes
Turn   | Place    | Note
-------+----------+-------------------------------------------
     0 | D:1      | SnakkuSnakku7 the Merfolk Air Elementalist began the quest
                  | for the Orb.
     0 | D:1      | Reached XP level 1. HP: 13/13 MP: 3/3
   251 | D:1      | Reached skill level 1 in Fighting
   443 | D:1      | Reached skill level 1 in Throwing
   443 | D:1      | Reached XP level 2. HP: 21/21 MP: 3/5
  1037 | D:1      | Reached XP level 3. HP: 26/26 MP: 6/6
  2411 | D:2      | Reached XP level 4. HP: 32/32 MP: 2/7
  3136 | D:2      | Found a faded altar of an unknown god.
  3147 | D:2      | Prayed at the altar of an unknown god.
  3147 | D:2      | Became a worshipper of the Shining One
  3147 | D:2      | Reached * piety under the Shining One
  3265 | D:3      | Noticed a small abomination
  3266 | D:3      | Found a transporter.
  3348 | D:3      | Noticed a small abomination
  3376 | D:3      | Found a transporter.
  3395 | D:3      | Reached XP level 5. HP: 4/41 MP: 8/8
  3695 | D:3      | Found a one-way gate to the infinite horrors of the Abyss.
  3703 | D:3      | Noticed Strat's ghost (amateur MeHW)
  3905 | D:3      | Noticed Jessica
  3906 | D:3      | Noticed Sigmund
  3924 | D:2      | Killed Jessica
  4022 | D:3      | Killed Sigmund
  4023 | D:3      | Reached skill level 5 in Fighting
  4023 | D:3      | Reached XP level 6. HP: 52/52 MP: 9/9
  4318 | D:4      | Reached skill level 1 in Polearms
  4453 | D:4      | Noticed an orc warrior
  4471 | D:4      | Reached ** piety under the Shining One
  4472 | D:4      | Killed an orc warrior
  4473 | D:4      | Reached skill level 3 in Polearms
  4473 | D:4      | Reached XP level 7. HP: 23/57 MP: 10/10
  4694 | D:4      | Reached skill level 4 in Polearms
  4709 | D:4      | Reached skill level 5 in Polearms
  5232 | D:5      | Entered Level 5 of the Dungeon
  5454 | D:5      | Noticed Ijyb
  5454 | D:5      | Noticed Blork the orc
  5474 | D:4      | Killed Ijyb
  5475 | D:4      | Reached skill level 6 in Polearms
  5598 | D:5      | Killed Blork the orc
  5772 | D:5      | Found a staircase to the Ecumenical Temple.
  5956 | D:5      | Found a runed translucent gate.
  5956 | D:5      | Found a runed translucent gate.
  5956 | D:5      | Found a runed translucent gate.
  5960 | D:5      | Noticed Arex's ghost (weakling DrDe)
  6354 | D:6      | Reached skill level 7 in Polearms
  6356 | D:6      | Reached XP level 8. HP: 60/64 MP: 11/11
  6523 | D:6      | Reached skill level 8 in Polearms
  6530 | D:6      | Noticed Pikel
  6602 | D:6      | Killed Pikel
  6603 | D:6      | Reached skill level 10 in Polearms
  6801 | D:5      | Killed Arex's ghost
  6810 | D:5      | Reached skill level 11 in Polearms
  6872 | D:6      | Noticed Buttons840's ghost (novice HOMo)
  6872 | D:6      | Found a runed translucent door.
  6981 | D:6      | Reached XP level 9. HP: 65/69 MP: 12/12
  7057 | D:6      | Reached skill level 12 in Polearms
  7437 | D:7      | Noticed a two-headed ogre
  7502 | D:7      | Reached *** piety under the Shining One
  7762 | D:7      | Found a flagged portal.
  7783 | D:7      | Reached skill level 13 in Polearms
  7873 | Bailey   | Entered a bailey
  8200 | Bailey   | Reached skill level 14 in Polearms
  8312 | Bailey   | Noticed an orc knight
  8355 | Bailey   | Killed an orc knight
  8356 | Bailey   | Reached skill level 15 in Polearms
  8356 | Bailey   | Reached XP level 10. HP: 11/76 MP: 13/13
  8715 | Bailey   | Noticed an orc knight
  8730 | Bailey   | Killed an orc knight
  8745 | Bailey   | Reached skill level 16 in Polearms
  9061 | D:7      | Noticed a cyan ugly thing
  9390 | D:7      | Killed a two-headed ogre
  9391 | D:7      | Reached skill level 17 in Polearms
  9689 | D:7      | Killed a cyan ugly thing
  9690 | D:7      | Reached skill level 18 in Polearms
  9819 | D:7      | Noticed a gargoyle
  9830 | D:7      | Killed a gargoyle
  9848 | D:7      | Reached **** piety under the Shining One
  9856 | D:7      | Reached XP level 11. HP: 66/81 MP: 14/14
 10034 | D:8      | Noticed a two-headed ogre
 10044 | D:8      | Killed a two-headed ogre
 10045 | D:8      | Reached skill level 19 in Polearms
 10169 | D:8      | Identified the ring "Ynguz" {rPois Will- rCorr Int+8}
 11050 | D:9      | Reached skill level 20 in Polearms
 11152 | D:9      | Identified the +11 trident of World's End {freeze, Fly}
 11167 | D:9      | Noticed a two-headed ogre
 11176 | D:9      | Killed a two-headed ogre
 11274 | D:9      | Found a bloodstained altar of Trog.
 11372 | D:9      | Found Suegulo's Jewellery Boutique.
 11429 | D:9      | Found a sparkling altar of Nemelex Xobeh.
 11429 | D:9      | Found a hazy altar of Hepliaklqana.
 11429 | D:9      | Found a glowing silver altar of Zin.
 11429 | D:9      | Found a shimmering blue altar of Sif Muna.
 11439 | D:9      | Found a glowing golden altar of the Shining One.
 11443 | D:9      | Found a shimmering altar of Xom.
 11545 | D:10     | Entered Level 10 of the Dungeon
 11610 | D:10     | Reached ***** piety under the Shining One
 11655 | D:10     | Reached skill level 10 in Fighting
 11661 | D:10     | Reached XP level 12. HP: 85/98 MP: 15/15
 11731 | D:10     | Found a snail-covered altar of Cheibriados.
 11875 | D:10     | Found a staircase to the Lair.
 12209 | Lair:1   | Entered Level 1 of the Lair of Beasts
 12259 | Lair:1   | Noticed a four-headed hydra
 12283 | Lair:1   | Killed a four-headed hydra
 12284 | Lair:1   | Reached skill level 5 in Dodging
 12366 | Lair:1   | Noticed a boulder beetle
 12376 | Lair:1   | Killed a boulder beetle
 13038 | Lair:2   | Reached skill level 10 in Dodging
 13073 | Lair:2   | Noticed a four-headed hydra
 13084 | Lair:2   | Killed a four-headed hydra
 13100 | Lair:2   | Reached XP level 13. HP: 79/108 MP: 16/16
 13146 | Lair:2   | Found a staircase to the Swamp.
 13160 | Lair:2   | Reached skill level 1 in Armour
 13243 | Lair:2   | Noticed Erica
 13259 | Lair:2   | Killed Erica
 13324 | Lair:2   | Found a frozen archway.
 13369 | IceCv    | Entered an ice cave
 13576 | IceCv    | Reached ****** piety under the Shining One
 13809 | IceCv    | Identified the ring of Alafut {rC+ rCorr SInv}
 13809 | IceCv    | Noticed a reaper
 14157 | IceCv    | Killed a reaper
 14158 | IceCv    | Reached skill level 5 in Armour
 14978 | Lair:3   | Found a staircase to the Snake Pit.
 15175 | Lair:3   | Reached XP level 14. HP: 94/115 MP: 17/17
 15323 | Lair:3   | Reached skill level 5 in Invocations
 15389 | Lair:3   | You are sucked into a shaft and drop 1 floor!
 16856 | Lair:5   | Entered Level 5 of the Lair of Beasts
 16909 | Lair:5   | Reached skill level 10 in Invocations
 16967 | Lair:5   | Found a gate leading to a gauntlet.
 16977 | Gauntlet | Entered a Gauntlet
 16977 | Gauntlet | Found a transporter.
 16977 | Gauntlet | Found a transporter.
 16998 | Gauntlet | Found a transporter.
 17000 | Gauntlet | Found a transporter.
 17006 | Gauntlet | Found a transporter.
 17009 | Gauntlet | Found a transporter.
 17017 | Gauntlet | Found a transporter.
 17035 | Gauntlet | Found a transporter.
 17055 | Gauntlet | Found a transporter.
 17056 | Gauntlet | Found a transporter.
 17066 | Gauntlet | Found a transporter.
 17069 | Gauntlet | Found a transporter.
 17221 | Gauntlet | Got the Omnibus of Charms
 17309 | Gauntlet | Got Guwkidid's Lectures on Coarse Incandescence
 17494 | Lair:5   | Found a runed translucent door.
 17495 | Lair:5   | Found a staircase to the Slime Pits.
 17598 | Lair:5   | Reached XP level 15. HP: 98/120 MP: 22/24
 17605 | Lair:5   | Reached skill level 1 in Evocations
 17815 | Lair:5   | Reached skill level 5 in Evocations
 18555 | D:11     | Found the dreamshard necklace {*Dream Drain}
 18666 | D:11     | Identified the +1 leather armour "Acwieth" {Str-3 Int-3
                  | Dex+6 Stlth+}
 18822 | D:11     | Found a shimmering blue altar of Sif Muna.
 19149 | D:12     | Found a staircase to the Orcish Mines.
 19201 | D:12     | Reached skill level 1 in Shields
 19575 | Orc:1    | Entered Level 1 of the Orcish Mines
 19581 | Orc:1    | Noticed Nergalle
 19690 | Orc:1    | Killed Nergalle
 19803 | Orc:1    | Found Ydghathru's Distillery.
 19805 | Orc:1    | Noticed an orc warlord
 19925 | D:12     | Killed an orc warlord
 19979 | Orc:1    | Bought a potion of curing for 45 gold pieces
 19979 | Orc:1    | Bought a potion of curing for 45 gold pieces
 19979 | Orc:1    | Bought a potion of cancellation for 120 gold pieces
 19979 | Orc:1    | Bought a potion of berserk rage for 75 gold pieces
 19979 | Orc:1    | Bought a potion of heal wounds for 75 gold pieces
 19979 | Orc:1    | Bought a potion of curing for 45 gold pieces
 20014 | Orc:1    | Noticed Erolcha
 20021 | Orc:1    | Killed Erolcha
 20266 | Orc:1    | Found Agol's General Store.
 20269 | Orc:1    | Bought a scroll of enchant armour for 127 gold pieces
 20269 | Orc:1    | Bought a +4 glaive of venom for 506 gold pieces
 20311 | Orc:2    | Entered Level 2 of the Orcish Mines
 20317 | Orc:2    | Found Unyoxtakk's Book Shoppe.
 20385 | Orc:2    | Found a staircase to the Elven Halls.
 20411 | Orc:2    | Noticed an orc warlord
 20562 | Orc:2    | Killed an orc warlord
 20698 | Orc:2    | Noticed an orc warlord
 20716 | Orc:2    | Killed an orc warlord
 20774 | Orc:2    | Found Vala's Antique Armour Emporium.
 20936 | Orc:2    | Bought a pair of embroidered boots for 247 gold pieces
 21047 | Orc:2    | Found Yqi Erag's General Store.
 21054 | Orc:2    | Bought a +2 cloak for 231 gold pieces
 21054 | Orc:2    | Bought a scroll of teleportation for 42 gold pieces
 21167 | Orc:2    | Found Emaimeog's Book Emporium.
 21181 | Orc:2    | Found Pesoyn's Antique Weapon Emporium.
 21409 | D:13     | You fall into a shaft and drop 1 floor!
 21431 | D:14     | Reached XP level 16. HP: 124/129 MP: 25/25
 21440 | D:14     | Reached skill level 21 in Polearms
 21620 | D:13     | Noticed Maurice
 21626 | D:13     | Killed Maurice
 21652 | D:13     | Noticed Rupert
 21661 | D:13     | Killed Rupert
 21737 | D:13     | Noticed Azrael
 21751 | D:13     | Killed Azrael
 21917 | D:13     | Noticed Urug
 21927 | D:13     | Killed Urug
 21955 | D:13     | Reached skill level 22 in Polearms
 22125 | D:13     | Found a gate to the Vaults.
 22279 | D:14     | Noticed Josephine
 22284 | D:14     | Killed Josephine
 22773 | D:15     | Entered Level 15 of the Dungeon
 22867 | D:15     | Reached skill level 23 in Polearms
 23200 | D:15     | Found a staircase to the Depths.
 23665 | Swamp:1  | Entered Level 1 of the Swamp
 23687 | Lair:2   | HP: 6/129 [poisoned by a swamp dragon (blast of poison)]
 23692 | Lair:2   | HP: 4/129 [poisoned by a swamp dragon (blast of poison)]
 24049 | Swamp:1  | Reached skill level 24 in Polearms
 24100 | Swamp:1  | Noticed a thorn hunter
 24104 | Swamp:1  | Found a transporter.
 24108 | Swamp:1  | Identified the +1 ring mail "Runwoahu" {Rampage Int+10
                  | Dex-4 SInv}
 24158 | Swamp:1  | Found a transporter.
 24159 | Swamp:1  | Identified the ring of Megalomania {rElec rPois rCorr Int-2
                  | SInv}
 24490 | Swamp:1  | Identified the ring "Vaawool" {*Corrode Fly rElec rC+ MP+9}
 24672 | Swamp:1  | Reached XP level 17. HP: 131/139 MP: 26/26
 25141 | Swamp:2  | Reached skill level 15 in Fighting
 25324 | Swamp:3  | Noticed Louise
 25324 | Swamp:3  | Noticed Bai Suzhen
 25723 | Swamp:3  | Killed Bai Suzhen
 26017 | Swamp:3  | Killed Louise
 26306 | Swamp:4  | Entered Level 4 of the Swamp
 26844 | Swamp:4  | Noticed Mara
 27101 | Swamp:4  | Noticed SnakkuSnakku7's illusion
 27204 | Swamp:4  | Noticed SnakkuSnakku7's illusion
 27209 | Swamp:4  | Killed Mara
 27210 | Swamp:4  | Reached XP level 18. HP: 88/158 MP: 5/27
 27522 | Swamp:4  | Found a basalt altar of Yredelemnul.
 27560 | Swamp:4  | Found a blossoming altar of Fedhas.
 27737 | Swamp:4  | Got a decaying rune of Zot
 28058 | Swamp:1  | Identified the amulet "Jiasis" {Regen+ Int+3}
 28206 | Swamp:1  | Identified the +1 pair of boots of Follow the Leader {rF+
                  | rN+ Will+}
 28316 | Snake:1  | Entered Level 1 of the Snake Pit
 28323 | Snake:1  | Noticed Nikola
 28342 | Snake:1  | Killed Nikola
 29218 | Snake:2  | Identified the ring "Zogecurph" {Wiz rN+ Int+3}
 29300 | Snake:2  | Found Edghuedyn's Weapon Shop.
 29373 | Snake:2  | Found a glowing golden altar of the Shining One.
 29417 | Snake:2  | Found Vyaxaday's Armour Emporium.
 29417 | Snake:2  | Found Apsegoca's Magic Scroll Shoppe.
 29436 | Snake:2  | Bought a scroll of fear for 60 gold pieces
 29436 | Snake:2  | Bought a scroll of enchant weapon for 112 gold pieces
 29436 | Snake:2  | Bought a scroll of enchant weapon for 112 gold pieces
 29436 | Snake:2  | Bought a scroll of vulnerability for 60 gold pieces
 29446 | Snake:2  | Identified a +8 trishula of holy wrath (a +6 demon trident
                  | of electrocution blessed by the Shining One)
 29446 | Snake:2  | Received a gift from the Shining One
 29529 | Snake:2  | Identified the +11 war axe "Xilok" {flame, +Blink}
 30214 | Snake:2  | Found Jomupi Wyeme's Book Shoppe.
 30215 | Snake:2  | Found Naadwoph's Jewellery Shop.
 30216 | Snake:2  | Found Inat's Book Shoppe.
 30292 | Snake:3  | Identified the +1 ring mail of Losu {Regen+ Dex+5}
 30302 | Snake:3  | Found Hecegud's Antique Armour Shop.
 30306 | Snake:3  | Found Deril's Antique Weapon Shop.
 30306 | Snake:3  | Found Nurow's Book Boutique.
 30311 | Snake:3  | Bought an ichor-stained cloak for 304 gold pieces
 30311 | Snake:3  | Identified the +2 cloak of Shadows and Fog {Harm *Corrode
                  | rElec} (You bought it in a shop on level 3 of the Snake
                  | Pit)
 30314 | Snake:3  | Found Usulur's Jewellery Boutique.
 30334 | Snake:3  | Bought a runed cloak for 240 gold pieces
 30434 | Snake:3  | Reached skill level 15 in Invocations
 30470 | Snake:3  | Reached XP level 19. HP: 167/169 MP: 30/30
 30836 | Snake:3  | Noticed Saint Roka
 31077 | Snake:3  | Killed Saint Roka
 31124 | Snake:3  | Reached skill level 10 in Evocations
 31821 | Snake:3  | Noticed Mlioglotl
 31832 | Snake:3  | Killed Mlioglotl
 32002 | Snake:4  | Entered Level 4 of the Snake Pit
 32028 | Snake:4  | Identified Roxanne's Tome of Spelunking
 32028 | Snake:4  | Noticed Roxanne
 32044 | Snake:4  | Killed Roxanne
 32171 | Snake:4  | Noticed Vashnia
 32202 | Snake:4  | Killed Vashnia
 32221 | Snake:3  | HP: 5/169 [poisoned by a naga ritualist (toxic radiance)]
 32223 | Snake:3  | HP: 2/169 [poisoned by a naga ritualist (toxic radiance)]
 32228 | Snake:3  | HP: 2/169 [poisoned by a naga ritualist (toxic radiance)]
 32484 | Snake:4  | Got Wuphu's Handbook of Twisted Hexes
 33147 | Snake:4  | Reached skill level 15 in Dodging
 33601 | Snake:4  | Reached XP level 20. HP: 164/176 MP: 31/31
 33773 | Snake:4  | Got a serpentine rune of Zot
 34066 | Vaults:1 | Entered Level 1 of the Vaults
 34115 | Vaults:1 | Noticed Aizul
 34162 | Vaults:1 | Killed Aizul
 34518 | Vaults:1 | Noticed Asterion
 34533 | Vaults:1 | Killed Asterion
 34537 | Vaults:1 | HP: 7/176 [poisoned by Asterion]
 34540 | Vaults:1 | HP: 3/176 [poisoned by Asterion]
 34545 | Vaults:1 | HP: 3/176 [poisoned by Asterion]
 35313 | Vaults:1 | Found Cawitudi's Armour Shoppe.
 35683 | Vaults:2 | Paralysed by a great orb of eyes for 3 turns
 35752 | Vaults:2 | Found Zogg's Weapon Boutique.
 35776 | Vaults:2 | Identified the +3 leather armour of Jeleasun {rC+ Stlth+}
 35846 | Vaults:2 | Found Foahisch's General Store.
 35866 | Vaults:2 | Bought a potion of haste for 200 gold pieces
 35866 | Vaults:2 | Bought 2 potions of curing for 120 gold pieces
 36159 | Vaults:2 | Found Xyrio's General Store.
 36164 | Vaults:2 | Bought a potion of curing for 60 gold pieces
 36642 | Vaults:3 | Noticed Xtahua
 36654 | Vaults:3 | Killed Xtahua
 36655 | Vaults:3 | Reached XP level 21. HP: 144/183 MP: 32/32
 36978 | Vaults:3 | Reached skill level 10 in Armour
 37005 | Vaults:3 | Found a staircase to the Crypt.
 37440 | Vaults:3 | Noticed Donald
 37449 | Vaults:3 | Killed Donald
 39180 | Vaults:4 | Reached XP level 22. HP: 176/190 MP: 33/33
 39392 | Crypt:1  | Entered Level 1 of the Crypt
 39543 | Crypt:1  | Noticed a royal mummy
 39549 | Crypt:1  | Noticed Mennas
 39578 | Crypt:1  | Killed Mennas
 39808 | Crypt:1  | Killed a royal mummy
 40128 | Crypt:1  | Noticed Jory
 40150 | Crypt:1  | Killed Jory
 40283 | Crypt:1  | Noticed Khufu
 40304 | Crypt:1  | Killed Khufu
 40305 | Crypt:1  | Reached skill level 15 in Armour
 41257 | Crypt:3  | Entered Level 3 of the Crypt
 41257 | Crypt:3  | Noticed Vv
 41357 | Crypt:3  | Killed Vv
 41668 | Crypt:3  | Found a staircase to the Tomb.
 41687 | Crypt:3  | Noticed an ancient lich
 41687 | Crypt:3  | Noticed an ancient lich
 41688 | Crypt:3  | Noticed an ancient lich
 42214 | Crypt:3  | Killed an ancient lich
 42215 | Crypt:3  | Reached XP level 23. HP: 196/196 MP: 34/34
 42233 | Crypt:3  | Killed an ancient lich
 42243 | Crypt:3  | Killed an ancient lich
 42251 | Crypt:3  | Got Zaroj's Volume of the Changing Stinger
 42259 | Crypt:3  | Identified the +1 leather armour of Taruity {Rampage Fly
                  | rElec rC-}
 42518 | Elf:1    | Entered Level 1 of the Elven Halls
 42997 | Elf:1    | Paralysed by an air elemental for 1 turns
 43004 | Elf:1    | Paralysed by an air elemental for 1 turns
 43188 | Elf:1    | Found a runed translucent gate.
 43188 | Elf:1    | Found a runed translucent gate.
 43188 | Elf:1    | Found a runed translucent gate.
 43188 | Elf:1    | Found a runed translucent gate.
 43188 | Elf:1    | Found a runed translucent gate.
 43190 | Elf:1    | Found a runed translucent gate.
 43330 | Elf:1    | Paralysed by an air elemental for 1 turns
 43701 | Abyss:3  | Found a corrupted altar of Lugonu.
 43701 | Abyss:3  | Cast into level 3 of the Abyss (a deep elf sorcerer)
 43757 | Abyss:3  | Found a corrupted altar of Lugonu.
 43768 | Abyss:3  | Got an abyssal rune of Zot
 43964 | Elf:2    | Escaped the Abyss
 44006 | Elf:2    | Found a runed translucent gate.
 44006 | Elf:2    | Found a runed translucent gate.
 44006 | Elf:2    | Found a runed translucent gate.
 44008 | Elf:2    | Noticed freelancePsychic's ghost (adept TrCA)
 44016 | Elf:2    | Found a viscous altar of Jiyva.
 44325 | Elf:2    | Found a runed translucent gate.
 44325 | Elf:2    | Found a runed translucent gate.
 44325 | Elf:2    | Found a runed translucent gate.
 44584 | Elf:1    | Killed freelancePsychic's ghost
 44662 | Elf:2    | Got the Parchment of Bedrock and Generation
 44755 | Elf:3    | Entered Level 3 of the Elven Halls
 45185 | Elf:3    | Reached XP level 24. HP: 174/204 MP: 34/34
 45188 | Elf:3    | Identified the ring of Milydi Ralio {+Blink EV+4 Str+4
                  | Dex-5}
 45209 | Elf:3    | Identified the +11 dagger "Tepsa" {drain, rC+ Will+}
 45410 | Elf:3    | Found the +7 captain's cutlass {speed, disarm}
 45418 | Elf:3    | Got the Directory of Viperous Sculpting
 45422 | Elf:3    | Identified the +5 shortbow of the Dead {flame, rF++ Str+3}
 45504 | Elf:3    | Got Advanced Steps in Secret Knowledge
 45961 | Vaults:5 | Entered Level 5 of the Vaults
 46496 | Vaults:5 | Noticed Boris
 46513 | Vaults:5 | Killed Boris
 46798 | Vaults:5 | Noticed an ancient lich
 46810 | Vaults:5 | Paralysed by a hornet for 1 turns
 46823 | Vaults:5 | Killed an ancient lich
 47009 | Vaults:5 | Identified the +8 great sword of Evolution {venom, rC+
                  | Str+3 SInv}
 47024 | Vaults:5 | Noticed a dread lich
 47049 | Vaults:5 | Killed a dread lich
 47155 | Vaults:5 | Identified the +4 quarterstaff of Yeast {vorpal, rCorr
                  | Int+4}
 47195 | Vaults:5 | Reached skill level 1 in Translocations
 47227 | Vaults:5 | Learned a level 3 spell: Swiftness
 47230 | Vaults:5 | Learned a level 2 spell: Blink
 47235 | Vaults:5 | Learned a level 4 spell: Passage of Golubria
 47296 | Vaults:5 | Noticed a dread lich
 47307 | Vaults:5 | Killed a dread lich
 47323 | Vaults:5 | Reached XP level 25. HP: 192/210 MP: 34/34
 47350 | Vaults:5 | Identified the +7 rapier of the Unseen Realm {flame, rC+
                  | rCorr Dex-4}
 47357 | Vaults:5 | Got Sif Muna's Vellum of Permutations
 47434 | Vaults:5 | Identified the +8 falchion of the Iron City of Dis {speed,
                  | rElec rC+}
 47704 | Vaults:5 | Noticed Sojobo
 47716 | Vaults:5 | Killed Sojobo
 47717 | Vaults:5 | Reached skill level 5 in Translocations
 47787 | Vaults:5 | Got a silver rune of Zot
 47996 | Vaults:5 | Identified the +0 kite shield of the Ditch-Digger {rF+ rC+}
 48279 | Orc:2    | Bought a faintly humming plate armour for 924 gold pieces
 48279 | Orc:2    | Identified the +0 plate armour "Leon" {Contam rElec Will-
                  | Str+10} (You bought it in a shop on level 2 of the Orcish
                  | Mines)
 48582 | Tomb:1   | Entered Level 1 of the Tomb of the Ancients
 48736 | Tomb:1   | Reached skill level 5 in Shields
 49121 | Tomb:1   | Noticed a royal mummy
 49131 | Tomb:1   | Killed a royal mummy
 49595 | Tomb:2   | Noticed a royal mummy
 49595 | Tomb:2   | Noticed a royal mummy
 49876 | Tomb:2   | Noticed a royal mummy
 49893 | Tomb:2   | Killed a royal mummy
 49895 | Tomb:2   | Noticed a royal mummy
 49897 | Tomb:2   | Reached skill level 10 in Shields
 49901 | Tomb:2   | Noticed a royal mummy
 49902 | Tomb:2   | HP: 4/210 [royal mummy/divine providence (14)]
 49902 | Tomb:2   | The Shining One protects you from harm!
 50050 | Tomb:2   | Killed a royal mummy
 50055 | Tomb:2   | Killed a royal mummy
 50058 | Tomb:2   | Killed a royal mummy
 50083 | Tomb:2   | Killed a royal mummy
 50305 | Tomb:1   | Noticed a royal mummy
 50305 | Tomb:1   | Noticed a royal mummy
 50310 | Tomb:1   | Noticed a royal mummy
 50310 | Tomb:1   | Noticed a royal mummy
 50311 | Tomb:1   | Noticed a royal mummy
 50313 | Tomb:1   | Killed a royal mummy
 50313 | Tomb:1   | Noticed a royal mummy
 50314 | Tomb:1   | Noticed a royal mummy
 50315 | Tomb:1   | Noticed a royal mummy
 50427 | Tomb:1   | Noticed a royal mummy
 50427 | Tomb:1   | Noticed a royal mummy
 50432 | Tomb:1   | Killed a royal mummy
 50584 | Tomb:1   | Noticed a royal mummy
 50584 | Tomb:1   | Noticed a royal mummy
 50590 | Tomb:1   | Killed a royal mummy
 50590 | Tomb:1   | Killed a royal mummy
 50747 | Tomb:1   | Killed a royal mummy
 50875 | Tomb:1   | Killed a royal mummy
 51048 | Tomb:1   | Killed a royal mummy
 51048 | Tomb:1   | HP: 10/210 [death scarab[a royal mummy] (5)]
 51213 | Tomb:1   | Killed a royal mummy
 51214 | Tomb:1   | Reached XP level 26. HP: 86/218 MP: 34/34
 51373 | Tomb:1   | Killed a royal mummy
 51387 | Tomb:1   | Killed a royal mummy
 51488 | Tomb:1   | Killed a royal mummy
 51501 | Tomb:1   | Killed a royal mummy
 51506 | Tomb:1   | HP: 9/218 [poisoned by an emperor scorpion]
 51511 | Tomb:1   | HP: 7/218 [poisoned by an emperor scorpion]
 51750 | Tomb:1   | Noticed a royal mummy
 51754 | Tomb:1   | Noticed a royal mummy
 51755 | Tomb:1   | Noticed a royal mummy
 51769 | Tomb:1   | Noticed a royal mummy
 51770 | Tomb:1   | Noticed a royal mummy
 51770 | Tomb:1   | Noticed a royal mummy
 51770 | Tomb:1   | Noticed a royal mummy
 52057 | Tomb:1   | Killed a royal mummy
 52264 | Tomb:1   | Killed a royal mummy
 52429 | Tomb:1   | Killed a royal mummy
 52434 | Tomb:1   | Killed a royal mummy
 52552 | Tomb:1   | Killed a royal mummy
 52756 | Tomb:1   | Killed a royal mummy
 53043 | Tomb:1   | Noticed a royal mummy
 53046 | Tomb:1   | Killed a royal mummy
 53054 | Tomb:1   | Killed a royal mummy
 53054 | Tomb:1   | Gained mutation: Potions are less effective at restoring
                  | your health. [mutagenic glow]
 53055 | Tomb:1   | Reached skill level 15 in Shields
 53058 | Tomb:1   | Lost mutation: Potions are less effective at restoring your
                  | health. [potion of mutation]
 53058 | Tomb:1   | Gained mutation: You expend magic power (3 MP) to
                  | strengthen your wands. [potion of mutation]
 53163 | Tomb:3   | Entered Level 3 of the Tomb of the Ancients
 53198 | Tomb:3   | Noticed a royal mummy
 53215 | Tomb:3   | Killed a royal mummy
 53230 | Tomb:3   | Noticed a royal mummy
 53238 | Tomb:3   | Killed a royal mummy
 53247 | Tomb:3   | Noticed a royal mummy
 53259 | Tomb:3   | Noticed a royal mummy
 53262 | Tomb:3   | Killed a royal mummy
 53271 | Tomb:3   | Killed a royal mummy
 53323 | Tomb:3   | Got Viva's Monograph on Battle Magic and Enchantment
 53327 | Tomb:3   | Identified the ring of Jusepp {rN+ Will+ AC+4}
 53362 | Tomb:3   | Identified the ring of the King {AC+4 Str+8 Int-4 Dex+3
                  | Stlth+}
 53424 | Tomb:3   | Noticed a royal mummy
 53448 | Tomb:3   | Killed a royal mummy
 53515 | Tomb:3   | Noticed a royal mummy
 53518 | Tomb:3   | Noticed a royal mummy
 53529 | Tomb:3   | Killed a royal mummy
 53536 | Tomb:3   | Killed a royal mummy
 53537 | Tomb:3   | Reached skill level 10 in Translocations
 53539 | Tomb:3   | Noticed a royal mummy
 53541 | Tomb:3   | Noticed a royal mummy
 53547 | Tomb:3   | HP: 4/218 [royal mummy/divine providence (12)]
 53552 | Tomb:3   | HP: 4/218 [twister/vortex[a Zot trap] (9)]
 53553 | Tomb:3   | Killed from afar by a twister

Illustrated notes

Levels and vault maps discovered:
D:1:      sevenhm_arrival_forest_fort_large_4, layout_loops_cross,
          minmay_3d_cube
D:2:      layout_basic, hellmonk_ecumenical_altar_run_dry
D:3:      layout_rooms, gammafunk_ghost_abyssal_escape, uniq_sigmund,
          uniq_jessica
D:4:      layout_basic, hangedman_decor_riveting
D:5:      layout_loops_cross, minmay_temple_entry_waves,
          gammafunk_ghost_necromancy, uniq_ijyb, uniq_blork_the_orc
D:6:      layout_basic, gammafunk_ghost_grave, uniq_pikel
D:7:      nzn_winding_woodlands_medium [nzn_winding_woodlands_5x5_checkerboard,
          nzn_winding_woodlands_5x15_pool,
          nzn_winding_woodlands_5x5_closed_star,
          nzn_winding_woodlands_5x5_open_star,
          nzn_winding_woodlands_center_triple_pond,
          nzn_winding_woodlands_5x5_three, nzn_winding_woodlands_5x5_cross,
          nzn_winding_woodlands_5x15_parted, nzn_winding_woodlands_5x5_default],
          layout_rooms, enter_bailey_4
D:8:      layout_gridville, lightli_orcish_oven
D:9:      layout_roguey, minmay_overflow_temple_hex,
          mainiacjoe_overflow_surrounded_room, serial_shops, kennysheep_mini,
          minmay_misc_feat_plants
D:10:     layout_roguey, nicolae_overflow_crystal_walls,
          due_lair_maze_entry_diamond, minivault_4, amethyst_killhole
D:11:     layout_cave_pools, lemuel_blue_sif_altar
D:12:     layout_cave_pools, david_orc_3
D:13:     layout_roguey, david_vaults_1, uniq_urug, uniq_maurice, uniq_azrael,
          uniq_rupert
D:14:     layout_rooms, roderic_serpentine_path, uniq_josephine
D:15:     grunt_enter_depths_snipers, layout_irregular_city, chequers_arboretum
Lair:1:   layout_cave_pods, minmay_holes, evilmike_ambush
          [evilmike_ambush_outer_pillars, evilmike_ambush_inner_wall_2],
          grunt_megastairs_3
Lair:2:   layout_cave_shapes, skrybe_swamp_entry_bodies,
          portal_ice_cave_entry_ice_simulacra, uniq_erica
Lair:3:   layout_chaotic_city, minmay_snake_entry_six_corridors,
          grunt_forest_large_clearing_hut
Lair:4:   layout_regular_city
Lair:5:   grunt_lair_end_beastmaster, layout_regular_city, slime_entry_2,
          gauntlet_entry_generic
Swamp:1:  gammafunk_sealed_arena, layout_basic_swamp,
          evilmike_swamp_ruin_house_4, swamp_pool3, st_swamp_ruins_2
Swamp:2:  layout_basic_swamp, nicolae_swamp_tree_isthmus
Swamp:3:  layout_falls_marsh, evilmike_swamp_ruin_house_6,
          nicolae_swamp_catching_bugs, uniq_louise, uniq_bai_suzhen
Swamp:4:  byrel_swamp_growth_death_and_undeath, layout_basic_swamp, uniq_mara
Snake:1:  layout_onion_interference, statue_in_the_mist_lemuel,
          serial_bayou_lagoon_a, grunt_megastairs_2, serial_bayou_shore_a,
          uniq_nikola
Snake:2:  layout_layer_cave, serial_shops, shop, nicolae_stop_n_shop_2,
          shop_fountains, basic_altar, st_stairs_9, nicolae_snake_snakewalk,
          minmay_shop_grove
Snake:3:  nicolae_snake_nest, layout_cave_town,
          nicolae_snake_herptile_family_reunion, minmay_shoptagon,
          uniq_mlioglotl, uniq_saint_roka
Snake:4:  johnstein_snake_rune_scales, layout_cave_town, uniq_vashnia,
          uniq_roxanne
Orc:1:    layout_caves, serial_shops, nicolae_shop_behind_doors, shop,
          uniq_nergalle, uniq_erolcha
Orc:2:    grunt_orc_cross, layout_diamond_mine, serial_shops,
          nicolae_diamond_shop
Elf:1:    layout_gridlike, orc_legates, grunt_ministairs_2,
          nicolae_twisting_strands, grunt_megastairs_5
Elf:2:    elven_hall_of_blades_hangedman_original [mumra_blade_entry_dagger],
          layout_loops_ring, gammafunk_ghost_ooze
Elf:3:    grunt_elf_hall_diamonds, layout_loops_cross,
          serial_sigils_hangedman_stare
Vaults:1: vaults_room_grid, vaults_room_grunt_arrival_checkpoint,
          nicolae_vaults_ninety_degrees, hangedman_vaults_maws,
          nicolae_vaults_network_square, nicolae_vaults_rhombus_7,
          vaults_mumra_lcd, grunt_vaults_swirl, v_misc_13,
          layout_vaults_big_room, serial_shops, shop, uniq_asterion, uniq_aizul
Vaults:2: nicolae_vaults_rhombus_6, nicolae_vaults_little_squares_4, v_misc_4,
          ontoclasm_vaults_loading_screen, ontoclasm_vaults_gateway,
          ontoclasm_vaults_fault, layout_vaults_omnigrid, serial_shops,
          nicolae_shop_hallway_stairs, nicolae_square_shop,
          nicolae_shop_statue_plus, serial_glass
Vaults:3: minmay_crypt_entry_simple_corners, nicolae_vaults_gold_heap,
          v_alt_pattern_5, v_rooms_6, vaults_room_door_hall, vaults_room_grid,
          vaults_room_semicircle, vaults_room_corners, ontoclasm_vaults_bender,
          dpeg_vaults_monster_row, vaults_room_fours, ontoclasm_vaults_tryst,
          nicolae_vaults_little_squares_2, vaults_room_ringed_pool,
          ontoclasm_vaults_loading_screen, layout_vaults_maze_bifur,
          uniq_xtahua, uniq_donald
Vaults:4: hangedman_vaults_capsules, v_misc_4, v_misc_4,
          nicolae_vaults_network_periphery, ontoclasm_vaults_loading_screen,
          ontoclasm_vaults_shuriken, v_misc_27, v_rooms_3,
          ontoclasm_vaults_claustrophobia, vaults_room_pools,
          ontoclasm_vaults_hangar, nicolae_vaults_diagonal_hallway_7,
          layout_vaults_ring
Vaults:5: serial_shops, uniq_boris, uniq_sojobo
Crypt:1:  layout_misc_corridors, serial_glass, glass_columns_a, glass_columns_b,
          glass_columns_a, glass_columns_b, feat_on_display,
          due_unseen_surprise, feat_on_display, minmay_strange_pillars,
          grunt_crypt_arrival_split, uniq_josephina, uniq_mennas, uniq_khufu,
          uniq_jory
Crypt:2:  layout_misc_corridors, minmay_misc_feat_ornament
Crypt:3:  david_glass_crypt, layout_chaotic_city, library_closet, uniq_vv
Tomb:1
Tomb:2
Tomb:3

Skill      XL: |  1  2  3  4  5  6  7  8  9 10 11 12 13 14 15 16 17 18 19 20 21 22 23 24 25 26 |
---------------+-------------------------------------------------------------------------------+-----
Fighting       | 1 3 5 6 10 12 14 18 20 | 20.0
Throwing       | 1 2 3 |  3.3
Polearms       | 3 7 11 15 18 20 24 | 24.0
Dodging        | 11 12 15 20 | 20.0
Armour         | 8 9 13 16 18 22 | 22.0
Invocations    | 12 15 | 15.0
Evocations     | 8 12 | 12.0
Shields        | 4 13 15 | 15.1
Translocations | 3 6 10 | 10.2
Stealth        | |  2.1
Spellcasting   | |  2.0
Conjurations   | |  0.7
Air Magic      | |  2.4

Action                   |  1- 3 |  4- 6 |  7- 9 | 10-12 | 13-15 | 16-18 | 19-21 | 22-24 | 25-27 || total
-------------------------+-------+-------+-------+-------+-------+-------+-------+-------+-------++-------
Melee: Unarmed           |    52 |       |       |       |       |       |       |       |       ||    52
       Dagger            |    84 |   140 |    89 |       |       |       |       |       |       ||   313
       Punch             |     1 |     1 |     1 |     4 |     8 |     2 |       |    15 |       ||    32
       Short sword       |    16 |    18 |       |       |       |       |       |       |       ||    34
       Halberd           |       |       |   204 |       |       |       |       |       |       ||   204
       Glaive            |       |       |     7 |   310 |    78 |       |       |       |       ||   395
       Tailslap          |       |       |     1 |     4 |       |    55 |     2 |       |       ||    62
       Trident           |       |       |       |   295 |  1260 |    36 |       |       |       ||  1591
       Bardiche          |       |       |       |       |   128 |  1364 |  1583 |   989 |   104 ||  4168
       Trishula          |       |       |       |       |       |       |    12 |   535 |   655 ||  1202
Throw: Dart              |       |       |    27 |    29 |     2 |       |       |       |       ||    58
 Cast: Shock             |    27 |       |       |       |       |       |       |       |       ||    27
Invok: Cleansing Flame   |       |       |       |       |       |    13 |     4 |    15 |    68 ||   100
       Brand Weapon With |       |       |       |       |       |     1 |       |       |       ||     1
Evoke: Wand              |       |       |     1 |     6 |       |     1 |       |    10 |       ||    18
       Tin of tremorston |       |       |       |       |       |       |     2 |     3 |       ||     5
  Use: Scroll            |       |       |       |    18 |    22 |    15 |     9 |     6 |    19 ||    89
       Potion            |       |       |       |     2 |     1 |     3 |     3 |    13 |    20 ||    42
 Stab: Sleeping          |     6 |     1 |       |       |       |       |       |       |       ||     7
Armor: Robe              |    38 |    22 |       |       |       |       |       |       |       ||    60
       Chain mail        |       |    58 |    31 |       |       |       |       |       |       ||    89
       Scale mail        |       |       |    80 |   147 |    25 |       |       |       |       ||   252
       Plate armour      |       |       |       |       |   645 |  1475 |  1101 |   925 |    57 ||  4203
       Storm dragon scal |       |       |       |       |       |       |       |       |   480 ||   480
Dodge: Dodged            |   115 |    65 |    92 |   224 |   423 |   549 |   547 |   833 |   981 ||  3829
Block: Buckler           |       |       |       |       |    86 |       |       |       |       ||    86
       Kite shield       |       |       |       |       |       |       |       |       |   586 ||   586
